 Dungeon Crawl Stone Soup version 0.21-a0-615-g8e08f28 (webtiles) character file.

53 polly the Skirmisher (level 3, 0/24 HPs)
             Began as a Gargoyle Berserker on Dec 23, 2017.
             Was a Believer of Trog.
             Slain by a worm (5 damage)
             ... on level 2 of the Dungeon.
             The game lasted 00:01:39 (1644 turns).

polly the Skirmisher (Gargoyle Berserker)           Turns: 1644, Time: 00:01:39

Health: 0/24       AC:  6    Str: 20    XL:     3   Next: 89%
Magic:  3/3        EV:  7    Int:  7    God:    Trog [**....]
Gold:   119        SH: 12    Dex: 10    Spells: 2/2 levels left

rFire    . . .     SeeInvis .   a - +0 hand axe
rCold    . . .     Gourm    .   d - +0 large shield
rNeg     + . .     Faith    .   b - +0 animal skin
rPois    ∞         Spirit   .   (no helmet)
rElec    +         Reflect  .   (no cloak)
rCorr    .         Harm     .   (no gloves)
MR       .....                  j - +0 pair of boots
Stlth    +.........             (no amulet)
HPRegen  0.08/turn              (no ring)
MPRegen  0.08/turn              (no ring)

@: no status effects
A: negative energy resistance 1, electricity resistance, unbreathing,
petrification resistance, rot immunity, AC +3
a: Berserk, Trog's Hand, Burn Spellbooks, Renounce Religion


You were on level 2 of the Dungeon.
You worshipped Trog.
Trog was pleased with you.
You were not hungry.

You visited 1 branch of the dungeon, and saw 2 of its levels.

You collected 119 gold pieces.

Inventory:

Hand Weapons
 a - a +0 hand axe (weapon)
Armour
 b - a +0 animal skin (worn)
 d - a +0 large shield (worn)
 j - a +0 pair of boots (worn)
Jewellery
 f - a cursed -3 ring of strength {unknown}
 h - an uncursed ring of protection from fire {unknown}
Scrolls
 n - a scroll of remove curse {unknown}
Potions
 e - 2 potions of magic {unknown}
 g - 2 potions of lignification {unknown}
 i - a potion of haste {unknown}
 k - a potion of heal wounds {unknown}
 l - a potion of ambrosia {unknown}
 m - a potion of invisibility {unknown}
Comestibles
 c - 2 rations


   Skills:
 + Level 4.2 Fighting
 - Level 2.9 Axes
 + Level 2.3 Armour
 + Level 2.2 Dodging
 + Level 1.0 Shields


You had 2 spell levels left.
You didn't know any spells.

Dungeon Overview and Level Annotations

Branches:
Dungeon (2/15)

Altars:
Xom


Innate Abilities, Weirdness & Mutations

You are resistant to torment.
Your stone body is resilient. (AC +3)
You are immune to poison.
You resist negative energy. (rN+)
You are resistant to electric shocks. (rElec)
You can survive without breathing.
You are immune to petrification.
You are immune to rotting.


Message History

You are too injured to fight recklessly!
You are too injured to fight recklessly!
You are too injured to fight recklessly!
You are too injured to fight recklessly!
You slash the worm!
The worm is severely wounded.
The worm bites you.
* * * LOW HITPOINT WARNING * * *
You barely miss the worm.
The worm is severely wounded.
You block the worm's attack.
You hit the worm.
The worm is severely wounded.
The worm barely misses you.
You hit the worm.
The worm is almost dead.
You hit the worm but do no damage.
The worm is almost dead.
The worm bites you.
You die...

........#
#.#
###.#.###
#.# #.#.#
#.# #.#.
#.# #.
#.#
######.#
#......#
#.######
#@# #.w(#
#.### #.
#


You could see a worm.

Vanquished Creatures
  A gnoll (D:1)
  A dart slug (D:2)
  4 leopard geckos
  2 giant cockroaches
  7 goblins
  3 hobgoblins (D:1)
  3 jackals (D:1)
  A quokka (D:2)
  5 bats
  2 frilled lizards (D:2)
  2 kobolds (D:1)
  4 rats
35 creatures vanquished.

Notes
Turn   | Place    | Note
-------+----------+-------------------------------------------
     0 | D:1      | polly the Gargoyle Berserker began the quest for the Orb.
     0 | D:1      | Reached XP level 1. HP: 14/14 MP: 1/1
   188 | D:1      | Reached XP level 2. HP: 10/19 MP: 2/2
   615 | D:1      | Reached skill level 4 in Fighting
   615 | D:1      | Reached XP level 3. HP: 17/24 MP: 3/3
  1536 | D:2      | Reached ** piety under Trog
  1536 | D:2      | Reached skill level 1 in Shields
  1547 | D:2      | Found a shimmering altar of Xom.
  1548 | D:2      | Found a shimmering altar of Xom.
  1548 | D:2      | Found a shimmering altar of Xom.
  1644 | D:2      | Slain by a worm

Vault maps used:
D:1:      lemuel_arrival_rhombus, minmay_misc_feat_four_crosses,
          serial_bayou_pond_d
D:2:      led_sif_pool, bloody_trog, xom_redecorated, minmay_rat_gold_closets

Skill      XL: |  1  2  3 |
---------------+----------+-----
Fighting       | 4 |  4.2
Dodging        | 2 |  2.2
Shields        | 1 |  1.0
Axes           | |  2.9
Armour         | |  2.3

Action                   || total
-------------------------++-------
Melee: Hand axe          ||   160
Invok: Berserk           ||     1
  Eat: Ration            ||     1
Armor: Animal skin       ||    57
Dodge: Dodged            ||    39
Block: Large shield      ||    91

Table legend:
 A = Spawn XP
 B = Non-spawn XP
 C = Spawn XP percentage of total XP
 D = Spawn monster count
 E = Non-spawn monster count
 F = Spawn count percentage of total count
 G = Total turns spent on level
                    A         B        C        D         E        F      G
               +---------+---------+-------+---------+---------+-------+---------
         Total |       0 |      77 |   0.0 |       0 |      35 |   0.0 |  1644
               +---------+---------+-------+---------+---------+-------+---------
           D:1 |       0 |      54 |   0.0 |       0 |      22 |   0.0 |  1245
           D:2 |       0 |      23 |   0.0 |       0 |      13 |   0.0 |   399
               +---------+---------+-------+---------+---------+-------+---------
